 Dungeon Crawl Stone Soup version 0.31-a0-117-g42d8f58691 (webtiles) character file.

Game seed: 10168426120270791271

100 voltaire321 the Trooper (level 4, 0/41 HPs)
             Began as a Minotaur Fighter on May 30, 2023.
             Slain by an orc priest
             ... wielding a +0 whip
              (5 damage)
             ... on level 3 of the Dungeon.
             The game lasted 00:03:33 (1653 turns).

voltaire321 the Trooper (Minotaur Fighter)          Turns: 1653, Time: 00:03:34

Health: 0/41       AC:  8    Str: 21    XL:     4   Next: 46%
Magic:  3/3        EV:  7    Int:  7    God:
Gold:   125        SH:  0    Dex:  9    Spells: 3/3 levels left

rFire   . . .        a - +0 war axe
rCold   . . .        l - +2 tower shield
rNeg    . . .        b - +0 scale mail
rPois   .            (helmet restricted)
rElec   .            (no cloak)
rCorr   .            (no gloves)
SInv    .            q - +0 pair of boots
Will    .....        (no amulet) Stlth
                     (no ring)
HPRegen 0.26/turn    (no ring)
MPRegen 0.08/turn

%: no passive effects
@: confused
A: horns 2, retaliatory headbutt
a: no special abilities


You were on level 3 of the Dungeon.
You visited 1 branch of the dungeon, and saw 3 of its levels.

You collected 125 gold pieces.

Inventory:

Hand Weapons
 a - a +0 war axe (weapon)
Missiles
 p - 6 boomerangs (quivered)
Armour
 b - a +0 scale mail (worn)
 c - a +0 buckler
 l - a +2 tower shield (worn)
 q - a +0 pair of boots (worn)
Wands
 r - a wand of mindburst (21)
Scrolls
 e - 2 scrolls of identify {unknown}
 g - a scroll of fear {unknown}
 h - a scroll of enchant armour {unknown}
 i - 2 scrolls of amnesia {unknown}
 o - a scroll of teleportation {unknown}
 s - a scroll of blinking {unknown}
Potions
 d - 3 potions of might
 f - a potion of magic {unknown}
 j - a potion of curing {unknown}
 k - a potion of degeneration {unknown}
 m - a potion of lignification {unknown}
 n - a potion of attraction {unknown}


   Skills:
 + Level 4.3 Fighting
 + Level 3.2 Axes
 + Level 0.5 Throwing
 + Level 4.2 Armour
 + Level 1.6 Dodging
 + Level 4.2 Shields
 + Level 0.2 Evocations


You had 3 spell levels left.
You didn't know any spells.
Your spell library contained the following spells:

 Spells                   Type           Power      Damage    Failure   Level
 Ozocubu's Armour         Ice            0%         N/A       100%        3
 Tukima's Dance           Hex            0%         N/A       100%        3
 Vhi's Electric Charge    Tloc/Air       0%         N/A       100%        3
 Passage of Golubria      Tloc           0%         N/A       100%        4
 Arcjolt                  Conj/Air       0%         1d10      100%        5
 Metabolic Englaciation   Hex/Ice        0%         N/A       100%        5
 Yara's Violent Unravell  Hex/Tmut       0%         3d3       100%        5
 Plasma Beam              Fire/Air       0%         2x1d11    100%        6
 Simulacrum               Ice/Necr       0%         N/A       100%        6


Dungeon Overview and Level Annotations

Branches:
Dungeon (3/15)

Altars:
Sif Muna

Annotations:
D:3 Grinder


Innate Abilities, Weirdness & Mutations

You have a pair of horns on your head.
You reflexively headbutt those who attack you in melee.


Message History

Grinder comes into view.
Grinder shouts!
The orc wizard gestures at you while chanting.
You are more confused.
Grinder says, "There's only one good use for a tongue: cutting it out."
Grinder blinks!
Grinder moves out of view.
A giant cockroach comes into view.
You hit the orc priest. Your headbutt misses the orc priest.
The orc priest is lightly wounded.
You miss the orc wizard.
The orc priest calls down the wrath of Beogh upon you.
Pain shoots through your body! The orc wizard barely misses you.
The orc priest closely misses you.
There are monsters nearby!
Unknown command.
You bump into the rock wall.
The orc priest hits you but does no damage.
The orc wizard points at you and mumbles some strange words.
The magic dart hits you!
You miss the orc priest. You headbutt the orc priest.
The orc priest is severely wounded.
You hit the orc wizard but do no damage.
The orc priest drinks a potion.
The orc priest seems to grow stronger.
The orc wizard hits you with a +0 whip.
The orc throws a stone.
The stone hits you but does no damage.
The giant cockroach bites you but does no damage.
The orc priest hits you but does no damage.
The orc wizard barely misses you. Grinder hits you.
You hit the orc priest.
The orc priest is moderately wounded.
You slash the giant cockroach!
You kill the giant cockroach!
You barely miss the orc wizard. You miss Grinder.
You barely miss the orc priest.
The orc wizard hits you but does no damage.
The orc priest calls down the wrath of Beogh upon you.
Beogh smites you!
* * * LOW HITPOINT WARNING * * *
The orc priest hits you with a +0 whip.
You die...

..... . .......##.. ..
... . .........
....##.## .......
......... #.....#
....###.# #..o..#
#.##.# #..
#.....#####.##.# ###
#..o5....##.##.# ###
##.o@o# .......###..
##....## #...#...#...
#......# #>#.#.......
#....#.####.#.#..#....
#....#....#...........
#....####.#...#.###.#.
#....# #.....#.......
#....# #..##.#...####
###....####....)...##
#


You could see Grinder, 2 orc priests, an orc wizard and an orc.

Vanquished Creatures
  Robin (D:3)
  An adder (D:2)
  5 dart slugs
  4 endoplasms
  3 giant cockroaches
  10 goblins
  8 hobgoblins
  4 jackals (D:1)
  4 quokkas
  7 ball pythons
  4 bats
  5 frilled lizards
  5 kobolds
  4 rats
65 creatures vanquished.

Notes
Turn   | Place    | Note
-------+----------+-------------------------------------------
     0 | D:1      | voltaire321 the Minotaur Fighter began the quest for the
                  | Orb.
     0 | D:1      | Reached XP level 1. HP: 19/19 MP: 0/0
   269 | D:1      | Reached XP level 2. HP: 27/27 MP: 1/1
   349 | D:1      | Reached skill level 1 in Dodging
   407 | D:1      | Reached XP level 3. HP: 32/33 MP: 2/2
   927 | D:2      | Found a shimmering blue altar of Sif Muna.
  1012 | D:2      | Found a faded altar of an unknown god.
  1497 | D:3      | Reached XP level 4. HP: 40/40 MP: 3/3
  1571 | D:3      | Noticed Robin
  1580 | D:3      | Killed Robin
  1589 | D:3      | Identified the +1 leather armour of the Arena {rC++ Int+4
                  | Slay-6}
  1647 | D:3      | Noticed Grinder
  1653 | D:3      | Slain by an orc priest

Illustrated notes

Levels and vault maps discovered:
D:1:      matt_arrival_spirals, layout_basic
D:2:      layout_loops_cross, basic_altar, hellmonk_ecumenical_altar_zigzags
D:3:      layout_rooms, minitemple, wander_ebering_terrifying_dragon_lair,
          uniq_robin, uniq_grinder, uniq_jessica

Skill      XL: |  1  2  3 |
---------------+----------+-----
Dodging        | 1 |  1.6
Shields        | 4 |  4.2
Fighting       | 4 |  4.3
Armour         | 4 |  4.2
Axes           | 3 |  3.2
Throwing       | |  0.5
Evocations     | |  0.2

Action                     |  1- 3 |  4- 6 || total
---------------------------+-------+-------++-------
  Melee: War axe           |    92 |    21 ||   113
         Headbutt          |    13 |     4 ||    17
  Throw: Boomerang         |     1 |       ||     1
 Armour: Scale mail        |    61 |    16 ||    77
  Dodge: Dodged            |    34 |    13 ||    47
  Block: Buckler           |    22 |       ||    22
         Tower shield      |    10 |    19 ||    29

Table legend: (Time is in decaauts)
 A = Elapsed time spent in this place.
 B = Non-inter-level travel time spent in this place.
 C = Inter-level travel time spent in this place.
 D = Time resting spent in this place.
 E = Time spent auto-exploring this place.
 F = Levels seen in this place.
 G = Mean time per level.
                   A        B        C        D        E       F      G
               +--------+--------+--------+--------+--------+-----+--------+
         Total |   1705 |   1633 |     72 |      0 |   1168 |   3 |  568.3 |
       Dungeon |   1705 |   1633 |     72 |      0 |   1168 |   3 |  568.3 |
               +--------+--------+--------+--------+--------+-----+--------+

Top non-repeatable levels by time:
     D:1: 878 daAuts
     D:2: 639 daAuts
     D:3: 187 daAuts
